 Dungeon Crawl Stone Soup version 0.27-a0-1334-g2746e35aca (webtiles) character file.

Game seed: 14466938881625838879

194 Gargoyl the Skirmisher (level 5, -2/47 HPs)
             Began as a Gnoll Abyssal Knight on June 26, 2021.
             Was a Believer of Lugonu.
             Slain by an ice beast (10 damage)
             ... on level 5 of the Dungeon.
             The game lasted 00:03:04 (2828 turns).

Gargoyl the Skirmisher (Gnoll Abyssal Knight)       Turns: 2828, Time: 00:03:05

Health: -2/47      AC:  6    Str: 13    XL:     5   Next: 73%
Magic:  0/8        EV: 12    Int: 11    God:    Lugonu [**....]
Gold:   174        SH:  0    Dex: 11    Spells: 7/7 levels left

rFire    + . .     SeeInvis .   a - +1 hand axe
rCold    . . .     Faith    .   (no shield)
rNeg     . . .     Spirit   +   b - +0 leather armour
rPois    .         Reflect  .   (no helmet)
rElec    .         Harm     .   d - +0 cloak
rCorr    .         Rampage  .   h - +0 pair of gloves
Will     .....                  (no boots)
Stlth    +.........             c - amulet of guardian spirit
HPRegen  0.15/turn              f - ring of protection from fire
MPRegen  0.11/turn              (no ring)

@: no status effects
A: fangs 1, strong nose, distributed training
a: Renounce Religion, Depart the Abyss, Bend Space


You were on level 5 of the Dungeon.
You worshipped Lugonu.
Lugonu was pleased with you.
You visited 1 branch of the dungeon, and saw 5 of its levels.
You visited the Abyss 1 time.

You collected 174 gold pieces.

Inventory:

Hand Weapons
 a - a +1 hand axe (weapon)
Armour
 b - a +0 leather armour (worn)
 d - a +0 cloak (worn)
 h - a +0 pair of gloves (worn)
Jewellery
 c - an amulet of guardian spirit (around neck)
 f - a ring of protection from fire (left hand)
Scrolls
 e - a scroll of fear
 g - a scroll of teleportation
Potions
 i - 2 potions of flight
 j - a potion of heal wounds


   Skills:
 + Level 6.7 Fighting
 + Level 1.6 Short Blades
 + Level 1.6 Long Blades
 + Level 4.8 Axes
 + Level 1.6 Maces & Flails
 + Level 1.6 Polearms
 + Level 1.6 Staves
 + Level 1.6 Slings
 + Level 1.6 Bows
 + Level 1.6 Crossbows
 + Level 1.6 Throwing
 + Level 4.8 Armour
 + Level 3.0 Dodging
 + Level 1.6 Stealth
 + Level 1.6 Shields
 + Level 1.6 Unarmed Combat
 + Level 1.6 Spellcasting
 + Level 1.3 Conjurations
 + Level 1.3 Hexes
 + Level 1.3 Summonings
 + Level 1.3 Necromancy
 + Level 1.3 Translocations
 + Level 1.3 Transmutations
 + Level 1.3 Fire Magic
 + Level 1.3 Ice Magic
 + Level 1.3 Air Magic
 + Level 1.3 Earth Magic
 + Level 1.3 Poison Magic
 + Level 4.9 Invocations
 + Level 1.6 Evocations


You had 7 spell levels left.
You didn't know any spells.
Your spell library contained the following spells:

 Spells                   Type           Power      Damage    Failure   Level
 Animate Skeleton         Necr           6%         N/A       22%         1
 Pain                     Necr           12%        1d4       22%         1
 Vampiric Draining        Necr           1%         2d6       54%         3
 Animate Dead             Necr           1%         N/A       91%         4
 Agony                    Necr           3%         N/A       99%         5


Dungeon Overview and Level Annotations

Branches:
Dungeon (6/15)
 Temple: D:4-7

Altars:
Nemelex Xobeh


Innate Abilities, Weirdness & Mutations

You have very sharp teeth.
Your uncanny sense of smell can sniff out nearby items.
Your experience applies equally to all skills.


Message History

You are poisoned.
The adder poisons you!
You hit the adder.
The adder is heavily wounded.
You feel sick. The adder misses you. The adder bites you but does no damage.
You hit the adder.
You kill the adder!
Lugonu accepts your kill.
You feel sick.
You completely miss the ice beast.
You feel sick. The ice beast misses you.
You hit the ice beast.
You bite the ice beast, but do no damage.
The ice beast is moderately wounded.
You feel sick.
The ice beast hits you but does no damage.
You barely miss the ice beast.
The ice beast is moderately wounded.
You feel sick.
The ice beast hits you but does no damage.
You hit the ice beast.
The ice beast is heavily wounded.
You feel sick.
You are no longer poisoned.
The ice beast misses you.
You hit the ice beast.
The ice beast is heavily wounded.
The ice beast completely misses you.
You barely miss the ice beast.
The ice beast is heavily wounded.
The ice beast closely misses you.
Unknown command.
You hit the ice beast.
The ice beast is heavily wounded.
The ice beast hits you but does no damage.
You closely miss the ice beast.
The ice beast is heavily wounded.
The ice beast hits you.
* * * LOW HITPOINT WARNING * * *
The ice beast freezes you!
You die...

...##.##.#
......#.# ∆
#.......#
#....... ...... #
#... #.#.##.#####
#.......Y@.# .
##......##.# .
#.....#.# ..? .
#........# .....
. .......#..
.....# .
###....#.##.....#
. #....... .....#
. #......# ######
####.###


You could see an ice beast.

Vanquished Creatures
  An ogre (D:5)
  5 adders
  2 worms (D:3)
  A dart slug (D:3)
  7 orcs
  3 ball pythons
  3 bats
  4 endoplasms
  3 giant cockroaches (D:1)
  3 goblins
  A hobgoblin (D:3)
  10 jackals
  3 kobolds
  A frilled lizard (D:1)
  2 rats
49 creatures vanquished.

Notes
Turn   | Place    | Note
-------+----------+-------------------------------------------
     0 | Abyss:1  | Gargoyl the Gnoll Abyssal Knight began the quest for the
                  | Orb.
     0 | Abyss:1  | Reached XP level 1. HP: 23/23 MP: 3/3
    53 | Abyss:1  | Noticed a large abomination
   113 | Abyss:2  | Noticed a glowing orange brain
   113 | Abyss:2  | Noticed a wretched star
   114 | D:1      | Escaped the Abyss
   591 | D:1      | Reached XP level 2. HP: 29/29 MP: 5/5
   636 | D:1      | Reached * piety under Lugonu
  1230 | D:2      | Reached XP level 3. HP: 30/35 MP: 4/6
  1507 | D:2      | Reached skill level 1 in Short Blades
  1507 | D:2      | Reached skill level 1 in Long Blades
  1507 | D:2      | Reached skill level 1 in Maces & Flails
  1507 | D:2      | Reached skill level 1 in Polearms
  1507 | D:2      | Reached skill level 1 in Staves
  1507 | D:2      | Reached skill level 1 in Slings
  1507 | D:2      | Reached skill level 1 in Bows
  1507 | D:2      | Reached skill level 1 in Crossbows
  1507 | D:2      | Reached skill level 1 in Throwing
  1507 | D:2      | Reached skill level 1 in Stealth
  1507 | D:2      | Reached skill level 1 in Shields
  1507 | D:2      | Reached skill level 1 in Unarmed Combat
  1507 | D:2      | Reached skill level 1 in Spellcasting
  1507 | D:2      | Reached skill level 1 in Evocations
  1518 | D:2      | Found a faded altar of an unknown god.
  1823 | D:3      | Reached XP level 4. HP: 37/41 MP: 7/7
  2141 | D:3      | Reached ** piety under Lugonu
  2142 | D:3      | Reached skill level 1 in Conjurations
  2142 | D:3      | Reached skill level 1 in Hexes
  2142 | D:3      | Reached skill level 1 in Summonings
  2142 | D:3      | Reached skill level 1 in Necromancy
  2142 | D:3      | Reached skill level 1 in Translocations
  2142 | D:3      | Reached skill level 1 in Transmutations
  2142 | D:3      | Reached skill level 1 in Fire Magic
  2142 | D:3      | Reached skill level 1 in Ice Magic
  2142 | D:3      | Reached skill level 1 in Air Magic
  2142 | D:3      | Reached skill level 1 in Earth Magic
  2142 | D:3      | Reached skill level 1 in Poison Magic
  2274 | D:3      | Found a sparkling altar of Nemelex Xobeh.
  2580 | D:3      | You fall into a shaft and drop 3 floors!
  2583 | D:6      | Noticed a sky beast
  2595 | D:5      | Entered Level 5 of the Dungeon
  2595 | D:5      | Noticed an ogre
  2607 | D:5      | Killed an ogre
  2608 | D:5      | Reached XP level 5. HP: 27/47 MP: 4/8
  2793 | D:5      | Noticed an orc warrior
  2806 | D:5      | Noticed an ice beast
  2828 | D:5      | Slain by an ice beast

Illustrated notes

Levels and vault maps discovered:
D:1:      nzn_arrival_depleted_hourglass, layout_basic
D:2:      layout_rooms, ebering_ecumenical_altar_hall
D:3:      layout_rooms, nemelex_xobeh_ov_fountains_minmay,
          kennysheep_big_empty_room
D:5:      layout_loops_cross, gup_sewer_entry_pipe
D:6:      layout_layer_cave, minitemple, nicolae_ossuary_entry_giza,
          kennysheep_doodads, uniq_edmund

Skill      XL: |  1  2  3  4 |
---------------+-------------+-----
Short Blades   | 1 |  1.6
Long Blades    | 1 |  1.6
Maces & Flails | 1 |  1.6
Polearms       | 1 |  1.6
Staves         | 1 |  1.6
Slings         | 1 |  1.6
Bows           | 1 |  1.6
Crossbows      | 1 |  1.6
Throwing       | 1 |  1.6
Stealth        | 1 |  1.6
Shields        | 1 |  1.6
Unarmed Combat | 1 |  1.6
Spellcasting   | 1 |  1.6
Evocations     | 1 |  1.6
Conjurations   | 1 |  1.3
Hexes          | 1 |  1.3
Summonings     | 1 |  1.3
Necromancy     | 1 |  1.3
Translocations | 1 |  1.3
Transmutations | 1 |  1.3
Fire Magic     | 1 |  1.3
Ice Magic      | 1 |  1.3
Air Magic      | 1 |  1.3
Earth Magic    | 1 |  1.3
Poison Magic   | 1 |  1.3
Dodging        | 3 |  3.0
Fighting       | |  6.7
Axes           | |  4.8
Armour         | |  4.8
Invocations    | |  4.9

Action                   |  1- 3 |  4- 6 || total
-------------------------+-------+-------++-------
Melee: Hand axe          |    72 |    99 ||   171
       Bite              |     4 |    10 ||    14
       Punch             |       |     1 ||     1
Invok: Depart the Abyss  |     1 |       ||     1
  Use: Scroll            |     4 |     3 ||     7
 Stab: Sleeping          |     2 |     2 ||     4
Armor: Leather armour    |    27 |    43 ||    70
Dodge: Dodged            |    62 |    78 ||   140

Table legend: (Time is in decaauts)
 A = Elapsed time spent in this place.
 B = Non-inter-level travel time spent in this place.
 C = Inter-level travel time spent in this place.
 D = Time resting spent in this place.
 E = Time spent auto-exploring this place.
 F = Levels seen in this place.
 G = Mean time per level.
                   A        B        C        D        E       F      G
               +--------+--------+--------+--------+--------+-----+--------+
         Total |   2837 |   2754 |     83 |      4 |   2251 |   7 |  405.3 |
       Dungeon |   2723 |   2640 |     83 |      4 |   2174 |   5 |  544.6 |
         Abyss |    113 |    113 |      0 |      0 |     77 |   2 |   56.5 |
               +--------+--------+--------+--------+--------+-----+--------+

Top non-repeatable levels by time:
     D:1: 1084 daAuts
     D:3: 806 daAuts
     D:2: 584 daAuts
     D:5: 234 daAuts
 Abyss:1: 86 daAuts
 Abyss:2: 27 daAuts
     D:6: 14 daAuts
